 Dungeon Crawl Stone Soup version 0.21.1-1-g345015f (webtiles) character file.

7982 joejoepie the Spear-Bearer (level 11, -4/83 HPs)
             Began as a Demonspawn Abyssal Knight on May 11, 2018.
             Was an Elder of Lugonu.
             Killed from afar by a gargoyle (20 damage)
             ... with a stone arrow
             ... on level 10 of the Dungeon on May 12, 2018.
             The game lasted 01:11:24 (12047 turns).

joejoepie the Spear-Bearer (DsAK)                  Turns: 12047, Time: 01:11:24

Health: -4/83      AC: 14    Str: 15    XL:     11   Next: 3%
Magic:  12/13      EV: 11    Int: 14    God:    Lugonu [****..]
Gold:   415        SH: 11    Dex: 13    Spells: 8/10 levels left

rFire    + . .     SeeInvis .   a - +2 spear
rCold    x . .     Gourm    .   B - +2 shield
rNeg     . . .     Faith    .   j - +1 scale mail
rPois    .         Spirit   .   (helmet restricted)
rElec    .         Reflect  .   (no cloak)
rCorr    .         Harm     .   f - +1 pair of gloves
MR       .....                  k - +0 pair of boots
Stlth    +.........             i - amulet of magic regeneration
HPRegen  0.23/turn              v - +2 ring of evasion
MPRegen  0.38/turn              m - ring of fire

@: no status effects
A: antennae 2, thin metallic scales 1, foul stench 1, spiny 2, rot immunity
a: Depart the Abyss, Bend Space, Banish, Corrupt, Renounce Religion


You were on level 10 of the Dungeon.
You worshipped Lugonu.
Lugonu was greatly pleased with you.
You were not hungry.

You visited 1 branch of the dungeon, and saw 10 of its levels.
You visited the Abyss 1 time.

You collected 415 gold pieces.

Inventory:

Hand Weapons
 a - a +2 spear (weapon)
 b - a +0 hunting sling
 F - a cursed +0 long sword
 H - a +8 spear of flaming
 L - a +0 broad axe
Missiles
 d - 398 stones (quivered)
 r - 36 sling bullets
Armour
 e - a +0 leather armour
 f - a +1 pair of gloves (worn)
 g - a +0 helmet
 j - a +1 scale mail (worn)
 k - a +0 pair of boots (worn)
 q - a +0 ring mail
 z - a +0 shield
 B - a +2 shield (worn)
Jewellery
 i - an amulet of magic regeneration (around neck)
 m - a ring of fire (right hand)
 p - a cursed amulet of inaccuracy
 t - an uncursed ring of see invisible
 u - an uncursed ring of teleportation
 v - a +2 ring of evasion (left hand)
Wands
 C - a wand of random effects (11)
Scrolls
 l - 3 scrolls of amnesia
 n - 5 scrolls of enchant armour
 o - 2 scrolls of remove curse
 w - a scroll of magic mapping
 A - 3 scrolls of identify
 G - a scroll of summoning
 K - a scroll of immolation {unknown}
Potions
 h - 2 potions of magic
 E - a potion of berserk rage {unknown}
 J - a potion of agility
Books
 s - a book of Minor Magic

   Spells                             Type                      Level
   a - Magic Dart                     Conjuration                  1
   b - Blink                          Translocation                2
   c - Call Imp                       Summoning                    2
   d - Slow                           Hexes                        2
   e - Conjure Flame                  Conjuration/Fire             3
   f - Mephitic Cloud                 Conjuration/Poison/Air       3
 D - a book of Frost

   Spells                             Type                      Level
   a - Freeze                         Ice                          1
   b - Throw Frost                    Conjuration/Ice              2
   c - Ozocubu's Armour               Charms/Ice                   3
   d - Throw Icicle                   Conjuration/Ice              4
   e - Summon Ice Beast               Ice/Summoning                4
Comestibles
 c - 19 rations
 I - 15 chunks of flesh


   Skills:
 + Level 6.8 Fighting
 * Level 8.5 Polearms
 + Level 5.0(5.1) Slings
 + Level 1.8(3.6) Throwing
 + Level 7.3 Armour
 + Level 4.9 Dodging
 + Level 2.1 Stealth
 + Level 4.2 Shields
 + Level 0.2 Spellcasting
 + Level 0.2 Translocations
 + Level 3.0 Invocations
 * Level 3.3 Evocations


You had 8 spell levels left.
You knew the following spells:

 Your Spells              Type           Power        Failure   Level  Hunger
a - Blink                 Tloc           N/A          99%         2    ###....


Dungeon Overview and Level Annotations

Branches:
Dungeon (10/15)            Temple (0/1) D:5            Lair (0/6) D:9
    Orc: D:9-12

Altars:
Ashenzari
Elyvilon
Fedhas
Hepliaklqana
Kikubaaqudgha
Nemelex Xobeh
Okawaru
Sif Muna
Trog
Uskayaw
Xom

Shops:
D:6 (


Innate Abilities, Weirdness & Mutations

You have a pair of antennae on your head.
You are partially covered in thin metallic scales. (AC +2)
You may emit foul miasma when damaged in melee.
You are mostly covered in sharp spines.
You are immune to rotting.


Message History

Aim: a gargoyle, wielding a morningstar (moderately damaged)
You shoot a sling bullet.
The sling bullet barely misses the gargoyle.
Okay, then.
You feel better.
a - a +2 spear (weapon)
You hit the gargoyle but do no damage.
The gargoyle is moderately damaged.
The gargoyle is struck by your spines.
The gargoyle hits you with a morningstar!
* * * LOW HITPOINT WARNING * * *
You hit the gargoyle but do no damage.
The gargoyle is moderately damaged.
You hit the gargoyle but do no damage.
The gargoyle is moderately damaged.
The gargoyle completely misses you. Space bends around you!
You blink.
The gargoyle hurls a stone arrow at you.
The stone arrow hits you!
You die...

#......(.....###..#..#
#............#....#..#
+......#...#..#.......#
#....#+#...##.#...##.[#
#......((####.........####
...........###.....#.....#
.......ยง9.###.....##.##.#
............#..#..##.##.#
..##......#@##.#..##.##.#
. #..............##.##.#
#....#.###.#...##.##.#
#....#.# #...........#
..#####.# #.#.>.##.#### ##
......#.........#
......#......####
.......#.#....###
.......#.+......#####


You could see a gargoyle.

Vanquished Creatures
  A two-headed ogre (D:7)
  A hippogriff (D:9)
  Sigmund (D:3)
  2 wyverns
  2 hungry ghosts (D:9)
  12 yaks
  3 hogs (D:7)
  A human (D:7)
  Edmund (D:4)
  2 hell hounds (D:9)
  A water moccasin (D:9)
  A hornet zombie (D:6)
  2 ice beasts
  An orc warrior (D:9)
  2 sky beasts
  A black bear (D:9)
  A necrophage (D:6)
  2 phantoms (D:8)
  3 ogres
  2 centaurs (D:7)
  4 bullfrogs
  A gnoll sergeant (D:9)
  4 scorpions
  6 killer bees
  7 wights
  2 howler monkeys (D:8)
  3 crimson imps
  2 centaur zombies
  A quasit (D:8)
  3 hounds
  A jelly (D:8)
  A bullfrog skeleton (D:9)
  A bullfrog zombie (D:8)
  2 orc priests
  An iguana (D:4)
  Jessica (D:5)
  Natasha (twice) (D:3)
  Terence (D:2)
  An orc wizard (D:9)
  7 worker ants
  A killer bee zombie (D:6)
  Robin (D:2)
  8 gnolls
  8 adders
  2 shadow imps
  A worm (D:5)
  3 dart slugs (D:1)
  7 leopard geckos
  13 orcs
  3 giant cockroaches
  10 goblins
  4 hobgoblins
  15 jackals
  2 quokkas
  A ball python (D:4)
  8 bats
  3 frilled lizards
  3 kobolds (D:2)
  A leopard gecko skeleton (D:4)
  2 quokka skeletons
  8 rats
197 creatures vanquished.

Notes
Turn   | Place    | Note
-------+----------+-------------------------------------------
     0 | Abyss:1  | joejoepie the Demonspawn Abyssal Knight began the quest for the Orb.
     0 | Abyss:1  | Reached XP level 1. HP: 18/18 MP: 2/2
     7 | Abyss:1  | Found a corrupted altar of Lugonu.
    46 | Abyss:1  | Noticed a tentacled starspawn
    47 | D:1      | Escaped the Abyss
   128 | D:1      | Reached * piety under Lugonu
   264 | D:1      | Gained mutation: You are immune to rotting. [demonic ancestry]
   264 | D:1      | Reached XP level 2. HP: 22/24 MP: 3/3
   541 | D:1      | Reached skill level 2 in Polearms
   846 | D:2      | Gained mutation: You have a pair of small antennae on your head. [demonic ancestry]
   846 | D:2      | Reached XP level 3. HP: 30/30 MP: 5/5
   866 | D:2      | Reached skill level 1 in Dodging
   889 | D:2      | Noticed Robin
  1017 | D:2      | Killed Robin
  1337 | D:2      | Noticed Terence
  1357 | D:2      | Killed Terence
  1357 | D:2      | Gained mutation: You are partially covered in thin metallic scales. (AC +2) [demonic ancestry]
  1357 | D:2      | Reached XP level 4. HP: 32/37 MP: 6/6
  1676 | D:2      | Reached skill level 3 in Polearms
  2166 | D:3      | Reached ** piety under Lugonu
  2251 | D:3      | Noticed Natasha
  2302 | D:2      | Gained mutation: You are partially covered in sharp spines. [demonic ancestry]
  2302 | D:2      | Reached XP level 5. HP: 5/42 MP: 7/7
  2638 | D:3      | Killed Natasha
  2794 | D:3      | Noticed Sigmund
  3022 | D:3      | Noticed Natasha
  3031 | D:3      | Killed Natasha
  3143 | D:3      | Killed Sigmund
  3143 | D:3      | Reached skill level 4 in Polearms
  3143 | D:3      | Reached skill level 1 in Slings
  3143 | D:3      | Reached skill level 1 in Stealth
  3143 | D:3      | Gained mutation: You may emit foul miasma when damaged in melee. [demonic ancestry]
  3143 | D:3      | Reached XP level 6. HP: 46/48 MP: 8/8
  3652 | D:4      | Reached XP level 7. HP: 46/55 MP: 9/9
  4300 | D:4      | Noticed Edmund
  4327 | D:4      | Killed Edmund
  4645 | D:4      | Found a sparkling altar of Nemelex Xobeh.
  4699 | D:5      | Entered Level 5 of the Dungeon
  4746 | D:5      | Found a staircase to the Ecumenical Temple.
  4823 | D:5      | Found a blossoming altar of Fedhas.
  4823 | D:5      | Found an ancient bone altar of Kikubaaqudgha.
  4945 | D:5      | Noticed Jessica
  4966 | D:5      | Killed Jessica
  4995 | D:5      | Found a deep blue altar of Sif Muna.
  5111 | D:5      | Found a hide-covered altar of Uskayaw.
  5485 | D:6      | Found Sobb's Antique Weapon Shoppe.
  5541 | D:6      | Reached skill level 5 in Polearms
  5816 | D:6      | Reached skill level 5 in Fighting
  5816 | D:6      | Reached XP level 8. HP: 39/62 MP: 10/10
  6572 | D:6      | Found a shattered altar of Ashenzari.
  6760 | D:7      | Reached skill level 5 in Armour
  7036 | D:7      | Reached *** piety under Lugonu
  7349 | D:7      | Gained mutation: You have a pair of antennae on your head. [demonic ancestry]
  7349 | D:7      | Reached XP level 9. HP: 48/69 MP: 11/11
  7455 | D:7      | Reached skill level 6 in Polearms
  7594 | D:7      | Learned a level 2 spell: Blink
  7637 | D:7      | Reached skill level 1 in Shields
  7651 | D:7      | Reached skill level 1 in Throwing
  8228 | D:8      | Found a shimmering altar of Xom.
  8228 | D:8      | Found a shimmering altar of Xom.
  8470 | D:8      | Noticed a two-headed ogre
  8896 | D:7      | Killed a two-headed ogre
  8896 | D:7      | Reached skill level 7 in Polearms
  9052 | D:8      | Found a hazy altar of Hepliaklqana.
  9088 | D:8      | Gained mutation: You are mostly covered in sharp spines. [demonic ancestry]
  9088 | D:8      | Reached XP level 10. HP: 58/76 MP: 12/12
  9949 | D:9      | Found a staircase to the Lair.
 10369 | D:9      | Reached **** piety under Lugonu
 10387 | D:9      | Reached skill level 1 in Evocations
 10424 | D:9      | Found an iron altar of Okawaru.
 10426 | D:9      | Found a bloodstained altar of Trog.
 10970 | D:9      | Reached skill level 8 in Polearms
 11269 | D:10     | Entered Level 10 of the Dungeon
 11776 | D:10     | Noticed a gargoyle
 11823 | D:10     | Found a white marble altar of Elyvilon.
 11840 | D:10     | Reached skill level 5 in Slings
 11970 | D:10     | Reached XP level 11. HP: 80/83 MP: 13/13
 12047 | D:10     | Killed from afar by a gargoyle

Skill      XL: |  1  2  3  4  5  6  7  8  9 10 |
---------------+-------------------------------+-----
Polearms       | 2 3 4 5 7 8 |  8.5
Dodging        | 1 2 4 |  4.9
Armour         | 2 3 4 5 6 7 |  7.3
Fighting       | 4 5 6 |  6.8
Slings         | 1 3 4 5 |  5.0
Stealth        | 1 2 |  2.1
Shields        | 2 4 |  4.2
Throwing       | 1 |  1.8
Invocations    | 3 |  3.0
Evocations     | 3 |  3.3
Spellcasting   | |  0.2
Translocations | |  0.2

Action                   |  1- 3 |  4- 6 |  7- 9 | 10-12 || total
-------------------------+-------+-------+-------+-------++-------
Melee: Spear             |   121 |   137 |   397 |   398 ||  1053
 Fire: Hunting sling     |     2 |    19 |    43 |    22 ||    86
Throw: Stone             |       |       |    26 |    25 ||    51
Invok: Depart the Abyss  |     1 |       |       |       ||     1
       Bend Space        |       |       |     1 |     1 ||     2
  Use: Scroll            |     3 |     5 |     9 |     5 ||    22
       Potion            |     4 |       |     5 |     3 ||    12
 Stab: Sleeping          |     1 |       |       |       ||     1
  Eat: Chunk             |     1 |     2 |     8 |     4 ||    15
       Ration            |       |     2 |     3 |     2 ||     7
Armor: Leather armour    |    11 |       |       |       ||    11
       Scale mail        |    16 |    55 |   103 |    91 ||   265
Dodge: Dodged            |    39 |    59 |   123 |    86 ||   307
Block: Shield            |       |       |    59 |   129 ||   188
